 Dungeon Crawl Stone Soup version 0.16-a0-331-g39fd2ee (webtiles) character file.

6060 MRaven the Sneak (level 10, 0/77 HPs)
             Began as a Demonspawn Wanderer on Sept 7, 2014.
             Was an Initiate of Dithmenos.
             Slain by a white ugly thing (35 damage)
             ... on Level 9 of the Dungeon.
             The game lasted 00:48:53 (11072 turns).

MRaven the Sneak (Demonspawn Wanderer)             Turns: 11072, Time: 00:48:57

HP   0/77        AC  8     Str 12      XL: 10   Next: 57%
MP  23/23        EV 15     Int 15      God: Dithmenos [......]
Gold 412         SH  0     Dex 15      Spells:  2 memorised, 17 levels left

rFire  . . .     SeeInvis .     u - +2 short sword (drain)
rCold  . . .     Clarity  .     c - +0 robe
rNeg   . . .     rCorr    .     (no shield)
rPois  .         rRot     .     (helmet unavailable)
rElec  .         Spirit   .     C - +1 cloak
SustAb .         Warding  .     l - +0 pair of gloves
rMut   .         Stasis   .     x - +0 pair of boots
Gourm  .                        (no amulet)
MR     .....                    b - ring of regeneration
                                o - ring of wizardry

@: lethally poisoned, not resistant to hostile enchantments, quite stealthy
A: horns 3, yellow scales 1, demonic guardian 1, nightstalker 2
a: Renounce Religion


You were on level 9 of the Dungeon.
You worshipped Dithmenos.
Dithmenos was noncommittal.
You were not hungry.

You visited 2 branches of the dungeon, and saw 10 of its levels.

You collected 412 gold pieces.

Inventory:

Hand weapons
 u - a +2 short sword of draining (weapon)
Missiles
 D - 4 javelins (quivered)
Armour
 c - a +0 robe (worn)
 l - a +0 pair of gloves (worn)
 x - a +0 pair of boots (worn)
 C - a +1 cloak (worn)
Magical devices
 a - a wand of slowing (6)
 h - a wand of fire (4)
 w - a wand of polymorph (15)
 A - a wand of disintegration (7)
Comestibles
 d - 5 bread rations
 g - 4 beef jerkies
 k - 5 meat rations
 q - a rotting chunk of orc flesh
 z - 2 chunks of worker ant flesh
 E - 14 fruits
 F - 2 chunks of wolf flesh
 G - a chunk of gnoll flesh
 H - 2 rotting chunks of giant frog flesh
Scrolls
 i - 3 scrolls of identify
 j - 2 scrolls of remove curse
 m - 2 scrolls of teleportation
 p - 3 scrolls of fear
 r - 2 scrolls of fog
 y - a scroll of magic mapping
Jewellery
 b - a ring of regeneration (right hand)
 e - an uncursed ring of fire
 n - an uncursed ring of flight
 o - a ring of wizardry (left hand)
Potions
 f - a potion of resistance
 s - 3 potions of curing
 v - a potion of brilliance
 B - 3 potions of cancellation
Books
 t - a Necronomicon {highlevel}

   This book is beyond your current level of understanding.

   Spells                             Type                      Level
   Haunt                              Necromancy/Summoning         7
   Borgnjor's Revivification          Necromancy                   8
   Death's Door                       Charms/Necromancy            8
   Necromutation                      Transmutation/Necromancy     8


   Skills:
 * Level 6.6 Fighting
 + Level 5.9 Short Blades
 + Level 5.6 Dodging
 * Level 7.3 Stealth
 + Level 6.0 Spellcasting
 + Level 2.2 Hexes
 + Level 3.3 Ice Magic
 + Level 5.8 Evocations


You had 17 spell levels left.
You knew the following spells:

 Your Spells              Type           Power        Failure   Level  Hunger
a - Ensorcelled Hibernat  Hex/Ice        ##....       4%          2    #......
b - Sure Blade            Hex/Chrm       #.........   6%          2    #......


Dungeon Overview and Level Annotations

Branches:
Dungeon (9/15)             Temple (1/1) D:5
    Orc: D:9-12        Lair: D:8-11

Altars:
Ashenzari
Cheibriados
Dithmenos
Elyvilon
Fedhas
Gozag
Kikubaaqudgha
Makhleb
Nemelex Xobeh
Okawaru
Qazlal
Sif Muna
Trog
Vehumet
Xom
Yredelemnul
Zin
The Shining One
Lugonu

Shops:
D:2 *   D:4 (   D:8 (


Innate Abilities, Weirdness & Mutations

You have a pair of large horns on your head.
You are partially covered in yellow scales (AC +2).
A weak demonic guardian rushes to your aid.
You are significantly more attuned to the shadows.


Message History

The killer bee is moderately wounded.
You feel sick.
The killer bee stings you but does no damage.
You hit the killer bee.
The killer bee is moderately wounded.
You feel sick. The killer bee closely misses you. The killer bee misses you.
Press: ? - help, v - describe, . - travel
Here: a white ugly thing The floor.
Evoke which item? (* to show all) (? for menu, Esc to quit)
Zapping:
A - a fluorescent wand
Press: ? - help, Shift-Dir - straight line, f - white ugly thing
Aim: a white ugly thing The killer bee is blasted.
You blow up the killer bee!
Dithmenos accepts your kill.
A - a wand of disintegration {zapped: 1} You feel sick.
The white ugly thing tail-slaps you! The white ugly thing freezes you!!
You die...

# # .###### #......#
######.### ###
#######+#####.[......# #..
..$.......##..........####..
..........#5.#.....<...).'..
#y........%#@##........####..
#..........#u##........# #..
#......>..yy.########### #..
..........### #.. ..........#
### ##########


You could see a white ugly thing, a killer bee and a friendly iron imp.

Vanquished Creatures
  Gastronok (D:9)
  Pikel (D:5)
  Maurice (D:8)
  4 wandering mushrooms (D:8)
  Grum (D:9)
  A hungry ghost (D:6)
  2 hippogriffs
  3 wolves (D:9)
  A black bear (D:6)
  A sky beast (D:8)
  3 orc warriors
  2 ice beasts
  A slave (D:5)
  4 ogres
  3 centaurs
  2 giant frogs
  An eye of draining (D:8)
  A scorpion (D:4)
  2 oklob saplings (D:8)
  8 killer bees
  2 crimson imps
  A jelly (D:7)
  3 goliath beetles
  3 hounds
  4 orc priests
  6 worker ants
  5 orc wizards
  3 iguanas
  An elf skeleton (D:8)
  An ogre zombie (D:6)
  Ijyb (D:7)
  A worker ant zombie (D:6)
  8 adders
  6 gnolls
  2 orc zombies (D:7)
  3 shadow imps
  3 worms
  An adder skeleton (D:4)
  6 giant geckos
  An ooze (D:1)
  15 orcs
  A bat skeleton (D:7)
  8 giant cockroaches
  7 goblins
  17 hobgoblins
  3 quokkas
  A ball python (D:3)
  7 bats
  2 giant newts (D:2)
  A goblin skeleton (D:4)
  A hobgoblin skeleton (D:4)
  26 jackals
  20 kobolds
  A kobold skeleton (D:7)
  13 rats
227 creatures vanquished.

Vanquished Creatures (collateral kills)
  Duvessa (D:7)
  A giant frog (D:7)
  Dowan (D:7)
  A gnoll (D:7)
  2 orcs
6 creatures vanquished.

Vanquished Creatures (others)
  6 quasits
  9 crimson imps
  2 iron imps
  7 white imps
  5 ufetubi
29 creatures vanquished.

Grand Total: 262 creatures vanquished

Notes
Turn   | Place    | Note
--------------------------------------------------------------
     0 | D:1      | MRaven, the Demonspawn Wanderer, began the quest for the Orb.
     0 | D:1      | Reached XP level 1. HP: 16/16 MP: 2/2
   609 | D:1      | Gained mutation: You have a pair of small horns on your head. [demonic ancestry]
   609 | D:1      | Reached XP level 2. HP: 22/22 MP: 3/3
  1124 | D:1      | Gained mutation: You have a pair of horns on your head. [demonic ancestry]
  1124 | D:1      | Reached XP level 3. HP: 28/28 MP: 4/4
  1931 | D:2      | Found Gozag's Platinum Reserve.
  1932 | D:2      | Found an opulent altar of Gozag.
  2131 | D:2      | Reached XP level 4. HP: 31/34 MP: 6/6
  2914 | D:2      | Reached skill level 3 in Fighting
  3242 | D:2      | Gained mutation: A weak demonic guardian rushes to your aid. [demonic ancestry]
  3242 | D:2      | Reached XP level 5. HP: 25/41 MP: 9/9
  3973 | D:3      | Noticed an ice beast
  3981 | D:3      | Killed an ice beast
  4237 | D:3      | Found a blossoming altar of Fedhas.
  4246 | D:3      | Found a stormy altar of Qazlal.
  4252 | D:3      | Gained mutation: You are slightly more attuned to the shadows. [demonic ancestry]
  4252 | D:3      | Reached XP level 6. HP: 41/47 MP: 11/11
  4999 | D:4      | Found an opulent altar of Gozag.
  5000 | D:4      | Found an ancient bone altar of Kikubaaqudgha.
  5000 | D:4      | Found a burning altar of Makhleb.
  5309 | D:4      | Reached skill level 4 in Fighting
  5506 | D:4      | Found a deep blue altar of Sif Muna.
  5509 | D:4      | Found a sparkling altar of Nemelex Xobeh.
  5613 | D:4      | Found Nuatu's Weapon Emporium.
  5860 | D:4      | Gained mutation: You are significantly more attuned to the shadows. [demonic ancestry]
  5860 | D:4      | Reached XP level 7. HP: 54/54 MP: 15/15
  6023 | D:5      | Entered Level 5 of the Dungeon
  6306 | D:5      | Reached skill level 1 in Stealth
  6491 | D:5      | Found a staircase to the Ecumenical Temple.
  6517 | Temple   | Entered the Ecumenical Temple
  6575 | D:5      | Noticed Pikel
  6602 | D:5      | Killed Pikel
  6602 | D:5      | Gained mutation: You have a pair of large horns on your head. [demonic ancestry]
  6602 | D:5      | Reached XP level 8. HP: 38/60 MP: 15/18
  6665 | D:5      | Found a bloodstained altar of Trog.
  7768 | D:6      | Reached skill level 5 in Short Blades
  7768 | D:6      | Reached skill level 5 in Stealth
  8154 | D:7      | Found a shattered altar of Ashenzari.
  8229 | D:6      | Reached XP level 9. HP: 37/65 MP: 20/20
  8296 | D:7      | Noticed Ijyb
  8308 | D:7      | Killed Ijyb
  8308 | D:7      | Reached skill level 5 in Spellcasting
  8543 | D:7      | Found a glowing golden altar of the Shining One.
  8546 | D:7      | Noticed an angel
  8560 | D:7      | Found a basalt altar of Yredelemnul.
  8564 | D:7      | Noticed a profane servitor
  8890 | D:7      | Noticed Duvessa
  8891 | D:7      | Noticed Dowan
  8898 | D:7      | Killed Duvessa
  8900 | D:7      | Killed Dowan
  9197 | D:8      | Noticed Maurice
  9217 | D:8      | Killed Maurice
  9217 | D:8      | Reached skill level 5 in Fighting
  9217 | D:8      | Reached skill level 5 in Dodging
  9217 | D:8      | Reached skill level 6 in Stealth
  9299 | D:8      | Reached skill level 5 in Evocations
  9341 | D:8      | Learned a level 2 spell: Ensorcelled Hibernation
  9344 | D:8      | Learned a level 2 spell: Sure Blade
  9479 | D:8      | Found a glowing silver altar of Zin.
  9533 | D:8      | Found a shadowy altar of Dithmenos.
  9623 | D:8      | Became a worshipper of Dithmenos the Shadowed
  9713 | D:8      | Found Gheiz's Weapon Shoppe.
  9870 | D:8      | Found a glowing silver altar of Zin.
  9870 | D:8      | Noticed an angel
 10158 | D:8      | Reached skill level 1 in Hexes
 10158 | D:8      | Gained mutation: You are partially covered in yellow scales (AC +2). [demonic ancestry]
 10158 | D:8      | Reached XP level 10. HP: 76/76 MP: 23/23
 10164 | D:8      | Found a blossoming altar of Fedhas.
 10822 | D:9      | Noticed Gastronok
 10841 | D:9      | Killed Gastronok
 10841 | D:9      | Reached skill level 7 in Stealth
 10888 | D:9      | Noticed Grum
 10912 | D:9      | Killed Grum
 11041 | D:9      | Noticed a white ugly thing
 11072 | D:9      | Slain by a white ugly thing

Action                   |  1- 3 |  4- 6 |  7- 9 | 10-12 || total
-------------------------+-------+-------+-------+-------++-------
Melee: Short sword       |   158 |   227 |   396 |   158 ||   939
       Dagger            |       |       |    12 |       ||    12
Throw: Throwing net      |     2 |     2 |       |       ||     4
 Cast: Ensorcelled Hiber |       |       |       |     3 ||     3
       Sure Blade        |       |       |       |     1 ||     1
Evoke: Wand              |       |    12 |     5 |     2 ||    19
  Use: Scroll            |     1 |     9 |    10 |     1 ||    21
       Potion            |       |       |     5 |     4 ||     9
 Stab: Held in net/web   |     1 |     1 |       |       ||     2
       Sleeping          |       |       |    22 |     6 ||    28
       Distracted        |       |       |     3 |       ||     3
  Eat: Chunk             |     4 |    12 |    10 |     2 ||    28
       Fruit             |       |       |     7 |     4 ||    11
       Pizza             |       |       |     1 |       ||     1
